 Dungeon Crawl Stone Soup version 0.21.1-1-g345015f (webtiles) character file.

238 Mgcat the Firebug (level 6, -9/32 HPs)
             Began as a Gargoyle Fire Elementalist on Feb 5, 2018.
             Mangled by a troll (15 damage)
             ... on level 4 of the Dungeon.
             The game lasted 00:08:52 (3101 turns).

Mgcat the Firebug (Gargoyle Fire Elementalist)      Turns: 3101, Time: 00:08:53

Health: -9/32      AC: 10    Str: 11    XL:     6   Next: 7%
Magic:  1/11       EV: 12    Int: 18    God:
Gold:   122        SH:  0    Dex: 10    Spells: 9/12 levels left

rFire    . . .     SeeInvis .   d - +1 dagger (venom)
rCold    . . .     Gourm    .   (no shield)
rNeg     + . .     Faith    .   a - +0 robe
rPois    ∞         Spirit   .   (no helmet)
rElec    +         Reflect  .   n - +1 cloak
rCorr    .         Harm     .   j - +0 pair of gloves
MR       .....                  t - +0 pair of boots
Stlth    +++.......             (no amulet)
HPRegen  0.10/turn              q - ring of stealth {Stlth+}
MPRegen  0.12/turn              (no ring)

@: no status effects
A: negative energy resistance 1, electricity resistance, unbreathing,
petrification resistance, rot immunity, AC +4
a: no special abilities


You were on level 4 of the Dungeon.
You were not hungry.

You visited 1 branch of the dungeon, and saw 4 of its levels.

You collected 122 gold pieces.

Inventory:

Hand Weapons
 d - a +1 dagger of venom (weapon)
   (You took it off a kobold on level 3 of the Dungeon)
 f - a +0 hunting sling
   (You found it on level 1 of the Dungeon)
Missiles
 h - 78 stones (quivered)
 l - 22 sling bullets
Armour
 a - a +0 robe (worn)
 j - a +0 pair of gloves (worn)
   (You found it on level 1 of the Dungeon)
 n - a +1 cloak (worn)
   (You found it on level 2 of the Dungeon)
 t - a +0 pair of boots (worn)
   (You found it on level 3 of the Dungeon)
Jewellery
 q - a ring of stealth (left hand) {Stlth+}
   (You found it on level 3 of the Dungeon)
Scrolls
 e - 2 scrolls of random uselessness {unknown}
 g - 2 scrolls of enchant weapon {unknown}
 i - 2 scrolls of identify {unknown}
 m - a scroll of fear {unknown}
 p - 4 scrolls of remove curse {unknown}
 r - a scroll of blinking {unknown}
Potions
 k - 3 potions of ambrosia {unknown}
 o - 2 potions of flight {unknown}
 s - a potion of haste {unknown}
Books
 b - a book of Flames
Comestibles
 c - 8 rations


   Skills:
 - Level 1.5 Dodging
 - Level 2.1 Stealth
 + Level 3.5 Spellcasting
 + Level 3.7 Conjurations
 + Level 4.5 Fire Magic


You had 9 spell levels left.
You knew the following spells:

 Your Spells              Type           Power        Failure   Level  Hunger
a - Flame Tongue          Conj/Fire      ###..        2%          1    None
b - Throw Flame           Conj/Fire      ###...       4%          2    ##.....


Dungeon Overview and Level Annotations

Branches:
Dungeon (4/15)
 Temple: D:4-7

Altars:
Kikubaaqudgha

Annotations:
D:3 exclusion: Grinder, Grinder


Innate Abilities, Weirdness & Mutations

You are resistant to torment.
Your stone body is resilient. (AC +4)
You are immune to poison.
You resist negative energy. (rN+)
You are resistant to electric shocks. (rElec)
You can survive without breathing.
You are immune to petrification.
You are immune to rotting.


Message History

You open the door.
Found a stone staircase leading up.
There is an open door here.
There is an open door here.
There is an open door here.
Partly explored, can't reach some places.
(D) Dungeon
Where to? (Enter - D:3, ? - help)
What level of the Dungeon? (default 1, ? - help)
There is a stone staircase leading down here.
You climb downwards.
A hound and a troll come into view.
The hound barks!
The troll shouts!
Found 18 gold pieces.
Found a stone staircase leading down.
There is a stone staircase leading up here.
Casting: Flame Tongue
Confirm with . or Enter, or press ? or * to list all spells.
Aiming: Flame Tongue
Press: ? - help, Shift-Dir - straight line, f - hound
Aim: a hound The flame tongue hits the hound.
The hound is heavily wounded.
Casting: Flame Tongue
Confirm with . or Enter, or press ? or * to list all spells.
Aiming: Flame Tongue
Press: ? - help, Shift-Dir - straight line, f/p - hound
Aim: a hound (heavily wounded)
The flame tongue hits the hound.
You kill the hound!
You have reached level 6!
Your experience leads to an increase in your attributes!
Increase (S)trength, (I)ntelligence, or (D)exterity?
You feel clever.
Casting: Flame Tongue
Confirm with . or Enter, or press ? or * to list all spells.
Aiming: Flame Tongue
Press: ? - help, Shift-Dir - straight line, f - troll
Aim: a troll The flame tongue hits the troll.
The troll is lightly wounded.
Casting: Flame Tongue
Confirm with . or Enter, or press ? or * to list all spells.
Aiming: Flame Tongue
Press: ? - help, Shift-Dir - straight line, f/p - troll
Aim: a troll (lightly wounded)
The flame tongue hits the troll.
The troll is lightly wounded.
Casting: Flame Tongue
Confirm with . or Enter, or press ? or * to list all spells.
Aiming: Flame Tongue
Press: ? - help, Shift-Dir - straight line, f/p - troll
Aim: a troll (lightly wounded)
The flame tongue hits the troll.
The troll is moderately wounded.
The troll barely misses you. x3
Casting: Flame Tongue
Confirm with . or Enter, or press ? or * to list all spells.
Aiming: Flame Tongue
Press: ? - help, Shift-Dir - straight line, f/p - troll
Aim: a troll (moderately wounded)
The flame tongue hits the troll.
The troll is heavily wounded.
The troll closely misses you. The troll claws you.
The troll claws you but does no damage.
Casting: Flame Tongue
Confirm with . or Enter, or press ? or * to list all spells.
Aiming: Flame Tongue
Press: ? - help, Shift-Dir - straight line, f/p - troll
Aim: a troll (heavily wounded)
The flame tongue misses the troll.
The troll bites you! The troll claws you but does no damage.
The troll misses you.
Casting: Flame Tongue
Confirm with . or Enter, or press ? or * to list all spells.
Aiming: Flame Tongue
Press: ? - help, Shift-Dir - straight line, f/p - troll
Aim: a troll (heavily wounded)
The flame tongue hits the troll.
The troll is severely wounded.
The troll bites you!
* * * LOW HITPOINT WARNING * * *
The troll misses you. The troll barely misses you.
Casting: Flame Tongue
Confirm with . or Enter, or press ? or * to list all spells.
Aiming: Flame Tongue
Press: ? - help, Shift-Dir - straight line, f/p - troll
Aim: a troll (severely wounded)
The flame tongue hits the troll.
The troll is severely wounded.
The troll completely misses you. The troll barely misses you.
The troll claws you.
* * * LOW HITPOINT WARNING * * *
Casting: Flame Tongue
Confirm with . or Enter, or press ? or * to list all spells.
Aiming: Flame Tongue
Press: ? - help, Shift-Dir - straight line, f/p - troll
Aim: a troll (severely wounded)
The flame tongue hits the troll.
The troll is severely wounded.
The troll bites you!
You die...

..# ..##
#..###
#....##
#.....##
#......##
#T.....>.
#@......#
#.......#
.......##
........#
.........#
..........#
###......$.#
##......##


You could see a troll.

Vanquished Creatures
  A bullfrog (D:1)
  A hound (D:4)
  A worker ant (D:2)
  5 adders
  An ooze (D:1)
  4 worms
  2 dart slugs
  A leopard gecko (D:2)
  7 bats
  7 giant cockroaches
  5 goblins
  5 hobgoblins
  6 jackals
  6 kobolds
  A quokka (D:2)
  4 frilled lizards
  5 rats
62 creatures vanquished.

Notes
Turn   | Place    | Note
-------+----------+-------------------------------------------
     0 | D:1      | Mgcat the Gargoyle Fire Elementalist began the quest for the Orb.
     0 | D:1      | Reached XP level 1. HP: 10/10 MP: 3/3
   145 | D:1      | Reached XP level 2. HP: 15/15 MP: 3/5
   266 | D:1      | Learned a level 2 spell: Throw Flame
   647 | D:1      | Reached skill level 2 in Conjurations
   647 | D:1      | Reached XP level 3. HP: 19/19 MP: 2/6
   887 | D:2      | Found an ancient bone altar of Kikubaaqudgha.
   890 | D:2      | Noticed a bullfrog
   909 | D:1      | Killed a bullfrog
   909 | D:1      | Reached XP level 4. HP: 14/24 MP: 1/8
  1037 | D:2      | Reached skill level 3 in Spellcasting
  1037 | D:2      | Reached skill level 4 in Fire Magic
  1069 | D:2      | Reached skill level 3 in Conjurations
  1069 | D:2      | Reached XP level 5. HP: 26/28 MP: 5/9
  2292 | D:3      | Noticed Grinder
  3091 | D:4      | Noticed a troll
  3093 | D:4      | Reached XP level 6. HP: 32/32 MP: 8/11
  3100 | D:4      | HP: 6/32 [troll (3)]
  3101 | D:4      | Mangled by a troll

Skill      XL: |  1  2  3  4 |
---------------+-------------+-----
Conjurations   | 2 3 |  3.7
Spellcasting   | 3 |  3.5
Fire Magic     | 4 |  4.5
Dodging        | |  1.5
Stealth        | |  2.1

Action                   |  1- 3 |  4- 6 || total
-------------------------+-------+-------++-------
Melee: Unarmed           |     4 |       ||     4
       Club              |    14 |     9 ||    23
 Cast: Flame Tongue      |    42 |    85 ||   127
  Eat: Chunk             |       |     4 ||     4
       Ration            |       |     1 ||     1
Armor: Robe              |    15 |    23 ||    38
Dodge: Dodged            |    30 |    38 ||    68

Vault maps used:
D:1:      sevenhm_arrival_forest_fort_large_2
D:2:      kiku_gazebo_garden_becter
D:3:      minmay_misc_feat_rows, hangedman_glass_teeth, uniq_grinder

Table legend:
 A = Turns spent in this place as a percentage of turns spent in the entire game.
 B = Non-inter-level travel turns spent in this place as a percentage of non-inter-level travel turns spent in the entire game.
 C = Inter-level travel turns spent in this place as a percentage of turns spent in this place.
 D = Turns resting spent in this place as a percentage of non-inter-level travel turns spent in this place.
 E = Turns spent auto-exploring this place as a percentage of non-inter-level travel turns spent in this place.
 F = Non-inter-level travel turns spent in this place divided by the number of levels of this place that you've seen.
                   A       B       C       D       E      F
               +-------+-------+-------+-------+-------+----------------------
         Total | 100.0 | 100.0 |   1.3 |   0.0 |  85.6 | 765.0
       Dungeon | 100.0 | 100.0 |   1.3 |   0.0 |  85.6 | 765.0
               +-------+-------+-------+-------+-------+----------------------

Table legend:
 A = Kills in this place as a percentage of kills in entire the game.
 B = Kills by you in this place as a percentage of kills by you in the entire game.
 C = Kills by friends in this place as a percentage of kills by friends in the entire game.
 D = Other kills in this place as a percentage of other kills in the entire game.
 E = Experience gained in this place as a percentage of experience gained in the entire game.
 F = Experience gained in this place divided by the number of levels of this place that you have seen.
                   A       B       C       D       E      F
               +-------+-------+-------+-------+-------+----------------------
         Total | 100.0 | 100.0 |   N/A |   N/A | 100.0 |  85.2
       Dungeon | 100.0 | 100.0 |   N/A |   N/A | 100.0 |  85.2
               +-------+-------+-------+-------+-------+----------------------
